Cogmind - Beta 14 @@@ ROGUE MODE // 2025.01.11 @ 19:31:50 Player: Nika Jay Result: Self-destructed Performance ------------- Evolutions (3) 1500 Regions Visited (6) 1200 Robots Destroyed (80) 400 Value Destroyed (2072) 2072 Prototype IDs (4) 80 Alien Tech Used (0) 0 Bonus (104) 104 TOTAL SCORE: 5356 Bonus ------- High Alert Combat Kills 71 Follower Combat Kills 33 Cogmind --------- Core Integrity 570/700 Matter 168/300 Energy 160/160 System Corruption 3% Temperature Cool (0) Movement Treading (170) Location -7/Factory Parts ------- > --- POWER (1) -------- Light Nuclear Core > --- PROPULSION (4) --- Armored Treads Armored Treads Armored Treads Armored Treads > --- UTILITY (6) ------ Improved Heat Sink (fused) Large Storage Unit Improved Terrain Scanner Seismic Detector Improved Targeting Computer Improved Medium Armor Plating > --- WEAPON (2) ------- Advanced Assault Cannon Advanced Assault Cannon > --- INVENTORY (15) --- Cooled Ion Engine Armored Treads Armored Treads Armored Treads Armored Treads Improved Heat Sink Improved Heat Sink Compact Matter Pod (17) Seismic Detector Advanced Assault Cannon Advanced Assault Cannon Advanced Assault Cannon Advanced Assault Cannon Heavy Hammer Peak State ------------ > --- POWER ------------ Reinforced Ion Engine > --- PROPULSION ------- Armored Treads Armored Treads Armored Treads Armored Treads > --- UTILITY ---------- Improved Heat Sink Large Storage Unit Improved Terrain Scanner Seismic Detector Heavy Armor Plating > --- WEAPON ----------- Advanced Assault Cannon Advanced Assault Cannon > --- INVENTORY -------- Cooled Ion Engine Armored Treads Armored Treads Armored Treads Armored Treads Improved Carbon-fiber Leg Improved Titanium Leg Improved Heat Sink Improved Heat Sink Seismic Detector Improved Medium Armor Plating Advanced Assault Cannon Advanced Assault Cannon Advanced Assault Cannon Advanced Assault Cannon [Rating: 41] Favorites ----------- Power Reinforced Ion Engine Engine Reinforced Ion Engine Power Core Light Nuclear Core Propulsion Light Treads Treads Light Treads Leg Aluminum Leg Wheel Compact Wheel Hover Unit Aerolev Unit Utility Large Storage Unit Device Seismic Detector Storage Large Storage Unit Processor Improved Targeting Computer Protection Heavy Armor Plating Weapon Advanced Assault Cannon Energy Gun Small Laser Ballistic Gun Assault Rifle Ballistic Cannon Advanced Assault Cannon Launcher Advanced EMP Blaster Build | -11 -10 -10 -10 -9 -8 -7 ------- Run | Yrd Mat Min Exi Min Mat Fac Slots Evolved 6 | . . . . . 4 2 Power . | . . . . . . . Propulsion 2 | . . . . . 2 . Utility 4 | . . . . . 2 2 Weapon . | . . . . . . . Parts Attached 61 | 7 1 5 1 1 34 12 Power 6 | 1 . 1 . . 3 1 Engine 5 | 1 . 1 . . 3 . Core 1 | . . . . . . 1 Reactor . | . . . . . . . Propulsion 19 | 2 . 3 . . 10 4 Treads 13 | . . . . . 9 4 Leg 2 | 2 . . . . . . Wheel 3 | . . 3 . . . . Hover 1 | . . . . . 1 . Flight . | . . . . . . . Utility 22 | 2 1 . 1 . 11 7 Device 13 | 1 . . 1 . 8 3 Storage 3 | 1 1 . . . . 1 Processor 1 | . . . . . . 1 Hackware . | . . . . . . . Protection 5 | . . . . . 3 2 Artifact . | . . . . . . . Weapon 14 | 2 . 1 . 1 10 . Energy Gun 4 | 1 . 1 . 1 1 . Energy Cannon . | . . . . . . . Ballistic Gun 5 | 1 . . . . 4 . Ballistic Cannon 4 | . . . . . 4 . Launcher 1 | . . . . . 1 . Special Weapon . | . . . . . . . Impact Weapon . | . . . . . . . Slashing Weapon . | . . . . . . . Piercing Weapon . | . . . . . . . Special Melee Weapon . | . . . . . . . Unidentified Prototypes 4 | . . . . . 4 . Parts Lost 16 | . . 6 . . 8 2 Power 3 | . . 1 . . 1 1 Propulsion 5 | . . 2 . . 3 . Utility 5 | . . 1 . . 3 1 Weapon 3 | . . 2 . . 1 . Highest Loss Streak 6 | . . 6 . . 3 1 To Critical Strikes . | . . . . . . . Average Slot Usage (%) 90 | . 100 81 72 90 92 91 Engine 8 | . 14 13 14 14 8 5 Treads 25 | . . . . . 33 30 Leg 2 | . 28 15 . . . . Wheel 3 | . . 7 28 28 1 . Device 17 | . 14 8 1 14 15 22 Storage 9 | . 14 14 14 14 9 7 Protection 5 | . . . . . 6 6 Energy Gun 3 | . 14 13 14 19 2 . Ballistic Gun 3 | . 14 7 . . 6 . Ballistic Cannon 9 | . . . . . 8 15 Peak Build Rating 41 | 7 7 7 6 8 28 41 Average Rating 25 | 6 7 5 5 6 21 37 On Entrance 8 | . 7 7 5 6 8 27 Naked Turns . | . . . . . . . Heaviest Build 60 | 14 29 29 25 28 58 60 Greatest Support 83 | 20 20 32 32 32 83 80 Greatest Overweight (x) 6 | . 1 6 . . . . Average Overweight (x) . | . . 1 . . . . Largest Inventory Capacity 15 | 8 15 15 15 15 15 15 Average Capacity 14 | 7 9 15 15 15 15 15 Most Carried 15 | 4 5 6 5 5 15 15 Average Carried 11 | 1 4 5 4 4 13 14 Final Capacity 15 | 8 15 15 15 15 15 15 Final Carried 14 | 4 5 5 4 5 14 14 Class Distribution -------------------- 54% | Mutant 45% | Scavenger-Mutant Dominant Class ---------------- Mutant | -10/Materials Mutant | -10/Mines Mutant | -10/Exiles Scavenger-Mutant | -9/Mines Scavenger-Mutant | -8/Materials Mutant | -7/Factory Resources | -11 -10 -10 -10 -9 -8 -7 ----------- Run | Yrd Mat Min Exi Min Mat Fac Matter Collected 2178 | 303 . 40 10 10 952 863 Remotely . | . . . . . . . Salvage Created 2279 | 244 . 185 . . 1131 719 Parts 134 | 25 . 11 . . 57 41 Haulers Intercepted 4 | . . . . . 4 . Recyclers Shooed 9 | . . 5 . . 3 1 Parts Field Recycled . | . . . . . . . Retrieved Matter . | . . . . . . . Parts Self-Destructed . | . . . . . . . Prevented . | . . . . . . . Kills | -11 -10 -10 -10 -9 -8 -7 ------- Run | Yrd Mat Min Exi Min Mat Fac Combat Hostiles Destroyed 44 | . . 2 . . 21 21 Guns 12 | . . 2 . . 10 . Cannons 29 | . . . . . 9 20 AOE 1 | . . . . . . 1 Classes Destroyed 14 | 2 . 2 . . 8 2 Worker 7 | . . 4 . . 3 . Builder 2 | . . . . . 1 1 Tunneler 8 | 7 . 1 . . . . Hauler 4 | . . . . . 4 . Recycler 8 | 1 . 1 . . 3 3 Mechanic 1 | . . . . . 1 . Watcher 6 | . . . . . 3 3 Swarmer 17 | . . . . . 7 10 Grunt 14 | . . . . . 8 6 Brawler 1 | . . . . . 1 . Sentry 6 | . . . . . 5 1 Demolisher 2 | . . 2 . . . . Hunter 1 | . . . . . . 1 Programmer 3 | . . . . . . 3 Best Kill Streak 8 | 3 . 4 . . 8 6 Combat Bots Only 7 | . . 2 . . 7 6 Max Kills in Single Turn 2 | 1 . 1 . . 2 2 Gunslinging . | . . . . . . . Exploded 1 | . . . . . . 1 Melee . | . . . . . . . Uniques/NPCs Destroyed . | . . . . . . . Combat | -11 -10 -10 -10 -9 -8 -7 -------- Run | Yrd Mat Min Exi Min Mat Fac Hostile Shots Fired 271 | . . 14 . . 132 125 Missed 76 | . . . . . 35 41 Damage Taken 3382 | . . 615 . . 1487 1280 Core 367 | . . 115 . . 122 130 Absorbed by Shields . | . . . . . . . Regen/Repaired (Parts) 196 | . . . . . . 196 Core Remaining (%) 77 | 100 . . . 54 77 . Volleys Fired 228 | 11 . 48 . 1 98 70 Largest 2 | 2 . 2 . 1 2 2 Hottest 96 | 60 . 60 . 40 96 96 Shots Fired 408 | 22 . 51 . 1 194 140 Gun 193 | 22 . 51 . 1 119 . Cannon 215 | . . . . . 75 140 Launcher . | . . . . . . . Special . | . . . . . . . Kinetic 295 | 11 . 3 . . 141 140 Thermal 113 | 11 . 48 . 1 53 . Explosive . | . . . . . . . Electromagnetic . | . . . . . . . Robot Hit Streak 14 | 6 . 6 . 2 14 6 Robot Miss Streak 5 | 1 . 4 . . 3 5 Penetration Max . | . . . . . . . Secondary Targets . | . . . . . . . Shots Hit Robots 256 | 15 . 32 . 1 138 70 Core Hits 108 | 9 . 12 . 1 52 34 Critical Kills . | . . . . . . . Critical Parts Destroyed . | . . . . . . . Critical Strikes 11 | . . . . . 6 5 Burn 1 | . . . . . 1 . Blast 10 | . . . . . 5 5 Melee Attacks . | . . . . . . . Impact . | . . . . . . . Slashing . | . . . . . . . Piercing . | . . . . . . . Sneak Attacks . | . . . . . . . Combat Hostiles . | . . . . . . . Follow-up Attacks . | . . . . . . . Damage Inflicted 5466 | 170 . 352 . 10 2849 2085 Guns 1750 | 170 . 350 . 10 1220 . Cannons 3315 | . . . . . 1284 2031 Explosions 277 | . . . . . 241 36 Melee . | . . . . . . . Ramming 124 | . . 2 . . 104 18 Kinetic 4270 | 88 . 41 . . 2110 2031 Thermal 1036 | 82 . 309 . 10 635 . Explosive . | . . . . . . . Electromagnetic 36 | . . . . . . 36 Impact . | . . . . . . . Slashing . | . . . . . . . Piercing . | . . . . . . . Highest Corruption 9 | . . . . . 9 3 Average Corruption 5 | . . . . . 8 2 Corruption Purged . | . . . . . . . Corruption Blocked . | . . . . . . . Effects 76 | . . . . . 51 25 Message Errors 27 | . . . . . 18 9 Matter Fused 12 | . . . . . 7 5 Heat Flow Errors 13 | . . . . . 7 6 Energy Discharges 7 | . . . . . 6 1 Parts Fused 2 | . . . . . 2 . Data Loss (minor) 7 | . . . . . 5 2 Data Loss (major) 4 | . . . . . 2 2 Misfires 1 | . . . . . 1 . Alerts 1 | . . . . . 1 . Weapon Failures 2 | . . . . . 2 . Overload Shots . | . . . . . . . Overflow Damage 255 | . . . . . 190 65 Projectiles 82 | . . . . . 17 65 Explosions 173 | . . . . . 173 . Melee . | . . . . . . . Knockbacks 41 | . . . . . 18 23 Impact 1 | . . . . . 1 . Kinetic 33 | . . . . . 11 22 Secondary 7 | . . . . . 6 1 Self-Inflicted Damage 212 | . . . . . 138 74 Shots 4 | . . . . . 2 2 Rammed 21 | . . . . . 18 3 Targets Rammed 26 | . . 1 . . 20 5 Kicked 1 | . . 1 . . . . Crushed 4 | . . . . . 2 2 Highest Temperature 240 | . . . . . 240 221 Average Temperature 58 | . . . . . 66 47 Received Heat Transfer 702 | . . . . . 450 252 Siege Activations . | . . . . . . . Robots Corrupted . | . . . . . . . Combat Hostiles . | . . . . . . . Parts Fried . | . . . . . . . Impact Corruptions . | . . . . . . . Robots Melted 2 | . . . . . 2 . Combat Hostiles 2 | . . . . . 2 . Parts Melted 2 | . . . . . 2 . Heat Transferred 2703 | 200 . 700 . 25 1778 . Parts Sabotaged . | . . . . . . . Parts Stolen . | . . . . . . . Parts Stripped . | . . . . . . . Power Chain Reactions 1 | . . . . . . 1 Alert | -11 -10 -10 -10 -9 -8 -7 ------- Run | Yrd Mat Min Exi Min Mat Fac Peak Influence 873 | 40 39 35 . . 428 873 Initial 178 | . 26 15 . . . 178 Average 169 | 19 33 14 . . 174 232 Maximum Alert Level 3 | . . . . . 2 3 Low Security (%) 66 | 100 100 100 . 100 58 58 Level 1 23 | . . . . . 37 24 Level 2 8 | . . . . . 3 14 Level 3 1 | . . . . . . 2 Level 4 . | . . . . . . . Level 5 . | . . . . . . . High Security . | . . . . . . . Max Security . | . . . . . . . Squads Dispatched 12 | . . . . . 4 8 Investigation 3 | . . . . . 1 2 Extermination 4 | . . . . . . 4 Reinforcement 4 | . . . . . 3 1 Assault . | . . . . . . . Garrison 1 | . . . . . . 1 Intercept . | . . . . . . . Searches Triggered . | . . . . . . . Construction Impeded . | . . . . . . . Haulers Reinforced . | . . . . . . . Active Scanning Responses . | . . . . . . . Cargo Convoy Interrupts . | . . . . . . . Stealth | -11 -10 -10 -10 -9 -8 -7 --------- Run | Yrd Mat Min Exi Min Mat Fac Distress Signals 2 | . . . . . 1 1 Communications Jammed . | . . . . . . . Distress Signals . | . . . . . . . Times Spotted 68 | . . 2 . . 35 31 Peak Tracking Total 7 | . 1 2 . . 6 7 Tactical Retreats 7 | . . . . . 5 2 Traps | -11 -10 -10 -10 -9 -8 -7 ------- Run | Yrd Mat Min Exi Min Mat Fac Traps Triggered 3 | . . . . . 1 2 Indirectly . | . . . . . . . Trap Hack Attempts . | . . . . . . . Triggered . | . . . . . . . Disarmed . | . . . . . . . Reprogrammed . | . . . . . . . Reused . | . . . . . . . Traps Extracted . | . . . . . . . Installed . | . . . . . . . Triggered . | . . . . . . . Machines | -11 -10 -10 -10 -9 -8 -7 ---------- Run | Yrd Mat Min Exi Min Mat Fac Machines Disabled 12 | . . . . . 2 10 Max in Single Turn 3 | . . . . . 2 3 Garrison Access 2 | . . . . . . 2 Machines Repaired . | . . . . . . . Machines Dismantled . | . . . . . . . Machines Sabotaged . | . . . . . . . Overloaded Fab Kills . | . . . . . . . Hacking | -11 -10 -10 -10 -9 -8 -7 --------- Run | Yrd Mat Min Exi Min Mat Fac Machines Accessed 16 | . 2 . 1 . 7 6 Terminals 8 | . 2 . . . 4 2 Fabricators . | . . . . . . . Repair Stations 2 | . . . . . 1 1 Recycling Units 2 | . . . . . 1 1 Scanalyzers 1 | . . . . . 1 . Garrison Access 2 | . . . . . . 2 Total Hacks 41 | . 4 . 4 . 23 10 Successful 28 | . 2 . 4 . 16 6 Failed 13 | . 2 . . . 7 4 Catastrophic 5 | . . . . . 3 2 Database Lockouts . | . . . . . . . Manual 22 | . 4 . . . 11 7 Terminals 15 | . 4 . . . 8 3 Fabricators . | . . . . . . . Repair Stations 3 | . . . . . 1 2 Recycling Units 10 | . . . . . 8 2 Scanalyzers 6 | . . . . . 6 . Garrison Access 3 | . . . . . . 3 Terminal Hacks 6 | . 1 . 4 . 1 . Record 4 | . . . 4 . . . Branch Access Points 1 | . 1 . . . . . Locate Traps 1 | . . . . . 1 . Fabricator Hacks . | . . . . . . . Repair Station Hacks 3 | . . . . . 1 2 Scan Component 1 | . . . . . . 1 Repair 1 | . . . . . . 1 Refit 1 | . . . . . 1 . Recycling Unit Hacks 5 | . . . . . 4 1 Process 2 | . . . . . 1 1 Report Inventory 2 | . . . . . 2 . Retrieve Matter 1 | . . . . . 1 . Scanalyzer 6 | . . . . . 6 . Insert Component 3 | . . . . . 3 . Analyze 3 | . . . . . 3 . Garrison Access Hacks . | . . . . . . . Unauthorized Hacks 8 | . 1 . . . 4 3 Terminals 1 | . 1 . . . . . Botnet 1 | . 1 . . . . . Fabricators . | . . . . . . . Repair Stations . | . . . . . . . Recycling Units 5 | . . . . . 4 1 Monitor 1 | . . . . . 1 . Reject 1 | . . . . . 1 . Recyclers 2 | . . . . . 1 1 Mask 1 | . . . . . 1 . Scanalyzers . | . . . . . . . Garrison Access 2 | . . . . . . 2 Jam 2 | . . . . . . 2 Data Cores Recovered 1 | . . . . . 1 . Used . | . . . . . . . Hacking Detections 11 | . 2 . . . 5 4 Full Trace Events 1 | . . . . . 1 . Feedback Events 1 | . . . . . 1 . Corruption 1 | . . . . . 1 . Feedback Blocked . | . . . . . . . Robot Schematics Acquired . | . . . . . . . Robots Built . | . . . . . . . Authchips . | . . . . . . . Time . | . . . . . . . Total Robot Build Rating . | . . . . . . . Part Schematics Acquired 3 | . . . . . 3 . Parts Built . | . . . . . . . Authchips . | . . . . . . . Time . | . . . . . . . Total Part Build Rating . | . . . . . . . Parts Repaired 1 | . . . . . . 1 Time 38 | . . . . . . 38 Parts Recycled . | . . . . . . . Recycled Matter 552 | . . . . . 316 236 Retrieved Matter 501 | . . . . . 501 . Retrieved Components . | . . . . . . . Parts Scanalyzed 3 | . . . . . 3 . Part Schematics Acquired 3 | . . . . . 3 . Parts Damaged . | . . . . . . . Bothacking | -11 -10 -10 -10 -9 -8 -7 ------------ Run | Yrd Mat Min Exi Min Mat Fac Used RIF Installer . | . . . . . . . Robots Hacked . | . . . . . . . Non-combat . | . . . . . . . Combat . | . . . . . . . Robot Hacks Applied . | . . . . . . . Relay Couplers Released . | . . . . . . . Fabnet Peak Effective % . | . . . . . . . Robots Rewired . | . . . . . . . Allies Hacked . | . . . . . . . Hacks Repelled . | . . . . . . . Allies | -11 -10 -10 -10 -9 -8 -7 -------- Run | Yrd Mat Min Exi Min Mat Fac Total Allies 1 | . . . . 1 . . Largest Group 1 | . . . . 1 1 . Highest-Rated Group 31 | . . . . 31 31 . Highest-Rated Ally 31 | . . . . 31 31 . Total Orders . | . . . . . . . Ally Attacks 8 | . . . . . 8 . Total Damage 107 | . . . . . 107 . Kills 2 | . . . . . 2 . Allies Corrupted . | . . . . . . . Allies Melted . | . . . . . . . Intel | -11 -10 -10 -10 -9 -8 -7 ------- Run | Yrd Mat Min Exi Min Mat Fac Robot Analysis Total . | . . . . . . . Derelict Logs Recovered 2 | . . 2 . . . . Drone Launches . | . . . . . . . Drone Recoveries . | . . . . . . . Exploration | -11 -10 -10 -10 -9 -8 -7 ------------- Run | Yrd Mat Min Exi Min Mat Fac Turns Passed 5438 | 249 157 592 196 76 1759 2409 Spaces Moved 2772 | 155 117 316 196 65 758 1165 Core 8 | 6 . 2 . . . . Treads 1869 | . . . . . 704 1165 Legs 430 | 149 117 164 . . . . Wheels 465 | . . 150 196 65 54 . Hover . | . . . . . . . Flight . | . . . . . . . Fastest Speed 50 | 50 120 90 100 100 100 160 Average Speed 151 | 117 132 151 100 100 155 167 Slowest Speed 350 | 120 190 350 100 100 160 170 Overloaded Moves . | . . . . . . . Propulsion Burnouts . | . . . . . . . Robots Hopped . | . . . . . . . Cave-ins Triggered . | . . . . . . . Exploration Rate (%) 37 | 7 28 52 52 34 62 26 Regions Visited 6 Branch Regions 3 Pre-discovered Areas 3 | . . 2 1 . . . Known Exits Taken 1 | . 1 . . . . . Unknown Exits Taken 5 | 1 . 1 1 1 1 . Scrap Searched 1 | . . . . 1 . . Spaces Dug 2 | . . . . . . 2 Terrain Destroyed 80 | . . . . . 58 22 Melee . | . . . . . . . Projectile 41 | . . . . . 22 19 AOE 39 | . . . . . 36 3 Terrain Rammed . | . . . . . . . Walls Destroyed . | . . . . . . . Machines Disabled . | . . . . . . . Actions | -11 -10 -10 -10 -9 -8 -7 --------- Run | Yrd Mat Min Exi Min Mat Fac Total 3601 | 196 119 376 196 74 1144 1496 Wait 433 | 20 . 6 . 7 198 202 Move 2766 | 154 116 315 195 64 757 1165 Hop . | . . . . . . . Pick Up 42 | 4 1 1 . 1 16 19 Fast Attach 28 | 7 . 3 . 1 13 4 Attach 8 | . . 1 1 . 3 3 Detach 7 | . . . . . 6 1 Swap 25 | . 1 1 . . 18 5 Drop 38 | . 1 . . . 15 22 Fire 228 | 11 . 48 . 1 98 70 Melee . | . . . . . . . Ram . | . . . . . . . Kick 1 | . . 1 . . . . Crush 25 | . . . . . 20 5 Escape Stasis . | . . . . . . . Rewire . | . . . . . . . Trap . | . . . . . . . Miscellaneous . | . . . . . . . Route ------- -11/Scrapyard -10/Materials (discovered 2 exits: *Min x2) -10/Mines (discovered 2 exits: [*Mat] / *Exi) -10/Exiles -9/Mines -8/Materials -7/Factory History --------- Turn | Location | Event 8 | -11/Scrapyard | Discovered new exit (range 15) 250 | -11/Scrapyard | Entered Materials 308 | -10/Materials | Build established: Mutant 310 | -10/Materials | Identified exit to Mines 407 | -10/Materials | Entered Mines 442 | -10/Mines | Discovered new exit (range 9) 550 | -10/Mines | Learned location of Zion (-7) 654 | -10/Mines | YI-UF0 nonchalantly dropped a Grenade Launcher on the ground 693 | -10/Mines | Assembled infested the area 766 | -10/Mines | Met 8R-AWN 772 | -10/Mines | Lost 6 parts (1p2n1u2w) 808 | -10/Mines | Discovered new exit (range 5) 999 | -10/Mines | Entered Exiles 1023 | -10/Exiles | Welcomed by 8R-AWN 1041 | -10/Exiles | Met EX-HEX 1080 | -10/Exiles | Met EX-DEC 1101 | -10/Exiles | Met EX-BIN 1187 | -10/Exiles | Discovered new exit (range 10) 1195 | -10/Exiles | Entered Mines 1246 | -9/Mines | Received a Mining Laser from a helpful Derelict 1260 | -9/Mines | Discovered new exit (range 4) 1271 | -9/Mines | Entered Materials 1271 | -8/Materials | Accompanied by 1 ally 1271 | -8/Materials | Evolved 4 slots: Propulsion x2, Utility x2 1478 | -8/Materials | Lost 3 parts (1p1u1w) 1489 | -8/Materials | Build established: Scavenger-Mutant 2105 | -8/Materials | Destroyed 7 combat bots 3006 | -8/Materials | Discovered new exit (range 16) 3030 | -8/Materials | Entered Factory 3030 | -7/Factory | Evolved 2 slots: Utility x2 3947 | -7/Factory | Build established: Mutant 4937 | -7/Factory | Repaired Hvy. Armor Plating 5312 | -7/Factory | Garrison activated, responded to threat 5439 | -7/Factory | Self-destructed Last Messages --------------- 05372_ Acquired 6 matter. 05373_ K-01 Serf collects debris. 05379_ Acquired Imp. Targeting Computer. 05383_ K-01 Serf collects debris. 05384_ FUECJQOD5